 BcadrenCrawl: Boulder Brew version 0.06-688-g08e91b2d95 (webtiles) character file.

Game seed: 111769752622151212

448 pipel the Twirler (level 7, -7/105 HPs) Ogre Berserker. Began on Jan 2, 2023. Was a Believer of Trog. Mangled by a porcupine (10 damage) ... on level 3 of the Dungeon. The game lasted 00:03:21 (1553 turns).

pipel the Twirler (Ogre Berserker)                  Turns: 1553, Time: 00:03:21

Health: -7/105     AC:  3    Str: 24    XL:     7 ^: 558
Magic:  7/7        EV: 10    Int:  8    God:    Trog [2* [70]]
Gold:   49         SH:  0    Dex:  8    Spells: 6/6 levels left

rFire    . . .     Slash    x   a - +0 mace
rCold    . . .     Pierce   .     - Unarmed
rNeg     . . .     Bludgeon .   b - +0 animal skin
rCorr    . . .     Vision   .   (helmet restricted)
rPois    .         Gourm    .   (no cloak)
rElec    .         Faith    +   (gloves unavailable)
MR       .....     Spirit   .   (boots unavailable)
HPRegen  0.45/turn Reflect  .   h - amulet of faith
MPRegen  0.17/turn Harm     .   (no ring) Stlth +.........Rnd*Rage +
                                (no ring)

@: lethally poisoned (-7 -> -7), about to teleport, berserk cooldown, slowed,
very slow
A: large, unfitting armour, soft flesh, AC +1
a: Berserk, Trog's Hand, Renounce Religion


You were on level 3 of the Dungeon.
You worshipped Trog.
Trog was pleased with you.
You were hungry.

You visited 1 branch of the dungeon, and saw 3 of its levels.

You collected 49 gold pieces.

Inventory:

Weapons
 a - a +0 mace (weapon)
Armour
 b - a +0 animal skin (worn)
Jewellery
 g - an uncursed ring of ice
 h - an amulet of faith (around neck)
Scrolls
 e - a scroll of magic mapping
Potions
 f - a potion of invisibility
 i - a potion of gain intelligence
Comestibles
 c - 5 rations
 d - 3 chunks of flesh


   Skills:
 + Level 6.1 Fighting
 + Level 7.1 Maces & Staves
 + Level 3.3 Dodging
 + Level 0.6 Stealth
 + Level 1.7 Unarmed Combat


You had 6 spell levels left.
You didn't know any spells.
Your spell library was empty.

Dungeon Overview and Level Annotations

Branches:
Dungeon (3/8)

Altars:


Innate Abilities, Weirdness & Mutations

Your tough skin is resilient. (AC +1)
You are too large for most types of armour.
Your soft flesh is weak to deep cuts.
Heavy manmade armour will nullify this weakness. (rSlashing-)
You frequently lose your temper in combat.
This godly rage surpasses even clarity. (*Rage)


Message History

The orc is severely wounded. (3/8) HP The porcupine barely misses you.
The orc hits you with a +0 short sword (4).
* * * LOW HITPOINT WARNING * * *
The orc barely misses you. The cinder newt bites you.
The cinder newt burns you (3).
* * * LOW HITPOINT WARNING * * *
The porcupine bites you (4).
* * * LOW HITPOINT WARNING * * *
The orc closely misses you. The orc hits you with a +0 dagger (3).
* * * LOW HITPOINT WARNING * * *
As you read the scroll of teleportation, it crumbles to dust.
You feel strangely unstable. The porcupine bites you (4).
* * * LOW HITPOINT WARNING * * *
The cinder newt bites you. The cinder newt burns you (4).
* * * LOW HITPOINT WARNING * * *
The orc closely misses you. The orc hits you with a +0 dagger (5).
* * * LOW HITPOINT WARNING * * *
The porcupine bites you (10)!
You die...

..... ....
..... ....
..... $...#
#... .....
..#...#
...... .....
#......
#.l#......#
#ao@r.#
......o.†.#
.........].#
..##.......#
. #....)..#
.........
..........#
#.........##


You could see a porcupine, a worker ant, a cinder newt and 2 orcs.

Vanquished Creatures
  A water moccasin (D:2)
  2 big kobolds (D:2)
  3 jellies (D:2)
  4 giant cockroaches
  A gnoll (D:1)
  6 cinder newts
  3 worms
  An ooze (D:2)
  2 dart slugs (D:1)
  A leopard gecko (D:1)
  An orc (D:3)
  4 goblins (D:1)
  5 hobgoblins (D:1)
  3 ball pythons
  2 bats (D:2)
  12 kobolds
  4 rats (D:1)
  A withered plant (D:2)
56 creatures vanquished.

Vanquished Creatures (others)
  2 ball pythons (D:2)
  A gnoll skeleton (D:2)
  2 kobolds (D:2)
  A bat skeleton (D:2)
  A giant blowfly (D:2)
  78 withered plants (D:2)
85 creatures vanquished.

Grand Total: 141 creatures vanquished

Notes
Turn   | Place    | Note
-------+----------+-------------------------------------------
     0 | D:1      | pipel the Ogre Berserker began the quest for the Orb.
     0 | D:1      | Reached XP level 1. HP: 35/35 MP: 1/1
    24 | D:1      | Reached XP level 2. HP: 38/46 MP: 2/2
    44 | D:1      | Reached skill level 5 in Fighting
    44 | D:1      | Reached XP level 3. HP: 44/58 MP: 3/3
   196 | D:1      | Reached skill level 4 in Maces & Staves
   445 | D:1      | Reached XP level 4. HP: 55/70 MP: 4/4
   793 | D:1      | Reached ** piety under Trog
   793 | D:1      | Reached skill level 5 in Maces & Staves
  1250 | D:2      | Noticed a crocodile
  1265 | D:2      | Reached XP level 5. HP: 81/81 MP: 5/5
  1467 | D:2      | Reached skill level 6 in Maces & Staves
  1467 | D:2      | Reached skill level 1 in Unarmed Combat
  1483 | D:2      | Reached XP level 6. HP: 90/93 MP: 6/6
  1530 | D:2      | Reached skill level 7 in Maces & Staves
  1533 | D:2      | Reached XP level 7. HP: 105/105 MP: 7/7
  1553 | D:3      | HP: 3/105 [orc/+0 dagger (5)]
  1553 | D:3      | Mangled by a porcupine

Illustrated notes

Levels and vault maps discovered:
D:1:      dpeg_arrival_tiny_b, layout_basic, first_ration
D:2:      layout_sewer, nicolae_tso_carved_into_rock
D:3:      layout_cave_pools, cheibrodos_ashenzari_chains, kennysheep_mini_moat,
          grunt_temple_overflow_open

Skill      XL: |  1  2  3  4  5  6 |
---------------+-------------------+-----
Fighting       | 5 6 |  6.1
Maces & Staves | 4 5 6 7 |  7.1
Dodging        | 3 |  3.3
Unarmed Combat | 1 |  1.7
Stealth        | |  0.6

Action                   |  1- 3 |  4- 6 |  7- 9 || total
-------------------------+-------+-------+-------++-------
Melee: Mace              |    30 |    63 |    11 ||   104
       Unarmed           |    17 |    34 |     7 ||    58
Invok: Berserk           |       |     2 |       ||     2
  Use: Scroll            |       |       |     1 ||     1
 Stab: Sleeping          |       |     1 |       ||     1
  Eat: Chunk             |       |     3 |       ||     3
Armor: Animal skin       |     8 |    14 |     5 ||    27
Dodge: Dodged            |     3 |     9 |    14 ||    26
